 Dungeon Crawl Stone Soup version 0.31-a0-1-g4198be8af4 (webtiles) character file.

Game seed: 8522101994058693481

3495 Lobster4 the Cleaver (level 10, -5/90 HPs)
             Began as a Hill Orc Fighter on May 2, 2023.
             Was a Follower of Nemelex Xobeh.
             Slain by Joseph
             ... wielding a +0 quarterstaff
              (10 damage)
             ... on level 7 of the Dungeon.
             The game lasted 00:15:23 (5189 turns).

Lobster4 the Cleaver (Hill Orc Fighter)             Turns: 5189, Time: 00:15:24

Health: -5/90      AC: 12    Str: 36    XL:     10   Next: 7%
Magic:  14/14      EV: 10    Int:  8    God:    Nemelex Xobeh [*.....]
Gold:   469        SH:  0    Dex: 10    Spells: 9/9 levels left

rFire   + . .        p - +5 woodcutter's axe
rCold   . . .        (shield currently unavailable)
rNeg    . . .        C - +0 scale mail {rF+}
rPois   .            j - +1 helmet
rElec   .            A - +1 cloak
rCorr   .            (no gloves)
SInv    .            (no boots)
Will    .....        (no amulet) Stlth
                     y - +6 ring of strength
HPRegen 0.35/turn    v - +6 ring of strength
MPRegen 0.14/turn

%: no passive effects
@: hasted, very quick
A: no striking features
a: Renounce Religion, Draw Escape, Draw Destruction, Draw Summoning


You were on level 7 of the Dungeon.
You worshipped Nemelex Xobeh.
Nemelex Xobeh was aware of your devotion.
You visited 2 branches of the dungeon, and saw 8 of its levels.

You collected 469 gold pieces.

Inventory:

Hand Weapons
 a - a +1 war axe
 n - a +0 sling
 p - the +5 woodcutter's axe (weapon)
   (You found it on level 2 of the Dungeon)
 q - a +2 hand axe of flaming
 B - a +0 morningstar of holy wrath
Missiles
 d - 8 boomerangs
 g - 54 stones
 r - 4 poisoned darts (quivered)
Armour
 c - a +0 buckler
 j - a +1 helmet (worn)
 A - a +1 cloak (worn)
 C - a +0 scale mail of fire resistance (worn)
Jewellery
 e - a +6 ring of intelligence
 v - a +6 ring of strength (right hand)
 y - a +6 ring of strength (left hand)
Wands
 k - a wand of paralysis (7)
Scrolls
 s - 3 scrolls of fog
 x - 3 scrolls of enchant armour
 z - 2 scrolls of amnesia
Potions
 f - 4 potions of lignification {unknown}
 h - a potion of brilliance
 m - 2 potions of resistance
 t - 4 potions of flight {unknown}


   Skills:
 + Level 8.4 Fighting
 + Level 8.6 Axes
 - Level 3.0 Throwing
 + Level 7.6 Armour
 + Level 7.6 Shields
 + Level 6.5 Invocations


You had 9 spell levels left.
You didn't know any spells.
Your spell library contained the following spells:

 Spells                   Type           Power      Damage    Failure   Level
 Freeze                   Ice            0%         1d3       58%         1
 Necrotise                Necr           0%         1d4       58%         1
 Sandblast                Erth           0%         2d4       58%         1
 Sting                    Tmut/Pois      0%         1d3       58%         1
 Cigotuvi's Dreadful Rot  Necr/Pois/Air  0%         N/A       75%         2
 Passwall                 Tmut/Erth      0%         N/A       75%         2
 Poisonous Vapours        Pois/Air       0%         N/A       75%         2
 Frozen Ramparts          Ice            0%         1d1       92%         3
 Gell's Gravitas          Tloc           0%         N/A       92%         3
 Hailstorm                Conj/Ice       0%         3d3       92%         3
 Stone Arrow              Conj/Erth      0%         3d7       92%         3
 Teleport Other           Tloc           0%         N/A       92%         3
 Vampiric Draining        Necr           0%         2d6       92%         3
 Dispel Undead            Necr           0%         3d6       100%        4
 Olgreb's Toxic Radiance  Pois           0%         N/A       100%        4
 Agony                    Necr           0%         N/A       100%        5
 Death Channel            Necr           0%         N/A       100%        6
 Dispersal                Tloc           0%         N/A       100%        6


Dungeon Overview and Level Annotations

Branches:
Dungeon (7/15)             Temple (1/1) D:4

Altars:
Fedhas
Gozag
Nemelex Xobeh
Qazlal
Wu Jian
Yredelemnul

Annotations:
D:6 2 transporters, SirDiesAlot's ghost, novice OgBe
D:7 Joseph


Message History

Joseph unwields a +0 quarterstaff.
Joseph wields a +0 sling.
Joseph shoots a sling bullet.
The sling bullet hits you!
* * * LOW HITPOINT WARNING * * *
You have reached level 10!
You feel stronger.
Found a stone staircase leading down.
You see here a bullfrog corpse.
You slice Joseph!!
Joseph is moderately wounded.
You slash the water moccasin!
You kill the water moccasin!
Joseph unwields a +0 sling.
Joseph wields a +0 quarterstaff.
Joseph hits you with a +0 quarterstaff!
* * * LOW HITPOINT WARNING * * *
You feel better.
You slice Joseph!!
Joseph is severely wounded.
Joseph barely misses you.
You hit Joseph but do no damage.
Joseph is severely wounded.
Joseph hits you with a +0 quarterstaff.
* * * LOW HITPOINT WARNING * * *
You hit Joseph.
Joseph is severely wounded.
Joseph hits you with a +0 quarterstaff!
* * * LOW HITPOINT WARNING * * *
You closely miss Joseph.
Joseph is severely wounded.
Joseph hits you with a +0 quarterstaff.
* * * LOW HITPOINT WARNING * * *
You hear some strange, mumbled words.
A puff of flame appears from out of thin air!
The puff of flame misses you.
The puff of flame hits Joseph!
Okay, then.
Okay, then.
You closely miss Joseph.
Joseph is severely wounded.
Joseph hits you with a +0 quarterstaff!
You die...
Your body glows slightly and disappears.

#....##...#####
...##.)..(........#
........o.((○.....#
...#o.)....)......#
#.[###.)(......#
#.. ###o###.### #.
#{# .# #...####†#
.. #......@†# #
#..###.@## #....
#...... #........
#.........
#..........
#.........>#


You could see Joseph and an orc.

Vanquished Creatures
  Maggie (D:6)
  Grinder (D:4)
  Sigmund (D:4)
  A wyvern (D:7)
  Eustachio (D:6)
  Edmund (D:6)
  A water moccasin (D:7)
  4 black bears
  An orc warrior (D:6)
  A sky beast (D:6)
  An ice beast (D:7)
  An ogre (D:5)
  A centaur (D:6)
  2 bullfrogs
  2 kobold brigands
  5 scorpions
  8 hounds
  5 orc priests
  A jelly (D:5)
  Crazy Yiuf (D:5)
  2 gnoll boudas
  Terence (D:3)
  An iguana (D:4)
  Natasha (D:3)
  4 orc wizards (D:6)
  Robin (D:2)
  4 adders
  13 gnolls
  3 shadow imps
  A white imp (D:3)
  2 ufetubi
  A worm (D:3)
  3 dart slugs
  26 orcs
  3 bats
  6 endoplasms
  A giant cockroach (D:4)
  11 goblins
  4 hobgoblins
  10 kobolds
  3 quokkas
  4 ball pythons
  2 frilled lizards (D:1)
  5 rats
  A spectral kobold (D:2)
153 creatures vanquished.

Vanquished Creatures (others)
  A plant (D:1)
1 creature vanquished.

Grand Total: 154 creatures vanquished

Notes
Turn   | Place    | Note
-------+----------+-------------------------------------------
     0 | D:1      | Lobster4 the Hill Orc Fighter began the quest for the Orb.
     0 | D:1      | Reached XP level 1. HP: 19/19 MP: 1/1
   145 | D:1      | Reached XP level 2. HP: 27/27 MP: 2/2
   779 | D:2      | Reached XP level 3. HP: 33/33 MP: 3/3
   812 | D:2      | Noticed a gnoll sergeant
   812 | D:2      | Found the +5 woodcutter's axe
  1037 | D:2      | Reached XP level 4. HP: 40/40 MP: 4/4
  1080 | D:2      | Noticed Robin
  1090 | D:2      | Killed Robin
  1125 | D:2      | Found a faded altar of an unknown god.
  1574 | D:3      | Noticed Terence
  1582 | D:3      | Killed Terence
  1583 | D:3      | Reached skill level 1 in Throwing
  1583 | D:3      | Reached XP level 5. HP: 43/47 MP: 5/5
  2178 | D:3      | Noticed Natasha
  2179 | D:3      | Killed Natasha
  2340 | D:4      | Reached XP level 6. HP: 43/55 MP: 6/6
  2406 | D:4      | Noticed Grinder
  2419 | D:4      | Reached skill level 5 in Fighting
  2430 | D:4      | Paralysed by Grinder for 2 turns
  2438 | D:4      | Killed Grinder
  2439 | D:4      | Reached skill level 5 in Axes
  2439 | D:4      | Reached XP level 7. HP: 38/61 MP: 7/7
  2523 | D:4      | Reached skill level 5 in Shields
  2553 | D:4      | Reached skill level 5 in Armour
  2790 | D:4      | Found a staircase to the Ecumenical Temple.
  2866 | Temple   | Entered the Ecumenical Temple
  2913 | Temple   | Became a worshipper of Nemelex Xobeh the Trickster
  2941 | D:4      | Noticed Sigmund
  2952 | D:4      | Killed Sigmund
  2953 | D:4      | Reached skill level 1 in Invocations
  3271 | D:5      | Entered Level 5 of the Dungeon
  3279 | D:5      | Reached XP level 8. HP: 69/70 MP: 9/9
  3821 | D:5      | Found an opulent altar of Gozag.
  3821 | D:5      | Found a stormy altar of Qazlal.
  3986 | D:5      | Reached * piety under Nemelex Xobeh
  4027 | D:5      | Found a runed translucent door.
  4028 | D:5      | Noticed Crazy Yiuf
  4036 | D:5      | Killed Crazy Yiuf
  4157 | D:6      | Noticed SirDiesAlot's ghost (novice OgBe)
  4165 | D:6      | Received a gift from Nemelex Xobeh
  4171 | D:6      | Found a transporter.
  4241 | D:6      | Found a transporter.
  4428 | D:6      | Reached XP level 9. HP: 73/79 MP: 10/12
  4623 | D:6      | Reached skill level 5 in Invocations
  4639 | D:6      | Noticed Edmund
  4734 | D:6      | Killed Edmund
  4786 | D:6      | Noticed Maggie
  4798 | D:6      | Killed Maggie
  5013 | D:6      | Noticed Eustachio
  5028 | D:6      | Killed Eustachio
  5176 | D:7      | Noticed Joseph
  5182 | D:7      | Reached XP level 10. HP: 14/90 MP: 14/14
  5183 | D:7      | HP: 4/90 [Joseph/+0 quarterstaff (10)]
  5189 | D:7      | Slain by Joseph

Illustrated notes

Levels and vault maps discovered:
D:1:      mrwooster_arrival_statue, layout_rooms, chequers_big_river,
          palyth_stone_intersect, chequers_arboretum,
          chequers_serial_rivers_micro_e, minmay_heptomino_h4
D:2:      layout_basic, dreamdust_ecumenical_altar_drowned_temple,
          pf_guarded_unrand_woodcutter, uniq_robin
D:3:      layout_basic, nicolae_overflow_hidden_temple, reono_crystal_passage,
          uniq_natasha, uniq_terence
D:4:      layout_cave_pools, minmay_temple_entry_drinking_statues, uniq_grinder,
          uniq_sigmund
D:5:      layout_rooms, jmf_multi_god_temple, uniq_crazy_yiuf_cottage
D:6:      layout_loops_ring, gammafunk_ghost_stat_death, uniq_edmund,
          uniq_maggie, uniq_eustachio
D:7:      minmay_recursive_quarters, layout_rooms, uniq_joseph, uniq_menkaure,
          uniq_prince_ribbit1
Temple:   dpeg_chambers_temple

Skill      XL: |  1  2  3  4  5  6  7  8  9 |
---------------+----------------------------+-----
Axes           | 3 4 5 7 8 |  8.6
Fighting       | 4 5 6 7 8 |  8.4
Shields        | 4 5 6 7 |  7.6
Throwing       | 1 2 3 |  3.0
Armour         | 4 5 6 7 |  7.6
Invocations    | 1 4 6 |  6.5

Action                     |  1- 3 |  4- 6 |  7- 9 | 10-12 || total
---------------------------+-------+-------+-------+-------++-------
  Melee: War axe           |    61 |    31 |       |       ||    92
         Battleaxe         |       |    57 |   170 |     6 ||   233
  Throw: Dart              |       |       |    29 |       ||    29
         Boomerang         |       |       |     5 |       ||     5
         Throwing net      |       |       |     1 |       ||     1
    Use: Scroll            |     5 |     2 |    12 |       ||    19
         Potion            |       |     2 |     2 |     1 ||     5
   Stab: Held in net/web   |       |       |     1 |       ||     1
 Armour: Scale mail        |    31 |    23 |    88 |       ||   142
  Dodge: Dodged            |    24 |    35 |    87 |     2 ||   148
  Block: Buckler           |    14 |    12 |       |       ||    26

Table legend: (Time is in decaauts)
 A = Elapsed time spent in this place.
 B = Non-inter-level travel time spent in this place.
 C = Inter-level travel time spent in this place.
 D = Time resting spent in this place.
 E = Time spent auto-exploring this place.
 F = Levels seen in this place.
 G = Mean time per level.
                   A        B        C        D        E       F      G
               +--------+--------+--------+--------+--------+-----+--------+
         Total |   5231 |   4976 |    255 |    158 |   3816 |   8 |  653.9 |
       Dungeon |   5170 |   4927 |    243 |    158 |   3784 |   7 |  738.6 |
        Temple |     60 |     48 |     12 |      0 |     32 |   1 |   60.0 |
               +--------+--------+--------+--------+--------+-----+--------+

Top non-repeatable levels by time:
     D:6: 934 daAuts
     D:4: 908 daAuts
     D:5: 888 daAuts
     D:3: 798 daAuts
     D:1: 788 daAuts
     D:2: 760 daAuts
     D:7: 92 daAuts
  Temple: 60 daAuts
